 Dungeon Crawl Stone Soup version 0.31-a0-188-g5e087ee2ca (webtiles) character file.

Game seed: 2806522242219785537

3119 qw the Markself (level 9, 0/52 HPs)
             Began as a Deep Elf Hunter on June 23, 2023.
             Was a Believer of Okawaru.
             Slain by a killer bee (2 damage)
             ... on level 7 of the Dungeon.
             The game lasted 00:02:37 (6109 turns).

qw the Markself (Deep Elf Hunter)                   Turns: 6109, Time: 00:02:37

Health: 0/52       AC: 13    Str: 12    XL:     9   Next: 60%
Magic:  14/14      EV: 21    Int: 15    God:    Okawaru [**....]
Gold:   277        SH:  0    Dex: 18    Spells: 8/8 levels left

rFire   + . .        Y - +1 orcbow (flame)
rCold   + . .        (shield currently unavailable)
rNeg    . . .        d - +1 ring mail "Uxaocik" {rElec rF+ rC+}
rPois   .            c - +2 helmet
rElec   +            (no cloak)
rCorr   .            e - +2 pair of gloves
SInv    .            (no boots)
Will    .....        (no amulet)
Stlth   +++          i - +5 ring of evasion
HPRegen 0.28/turn    (no ring)
MPRegen 0.14/turn

%: no passive effects
@: heroic
A: no striking features
a: Renounce Religion, Heroism


You were on level 7 of the Dungeon.
You worshipped Okawaru.
Okawaru was pleased with you.
You visited 1 branch of the dungeon, and saw 7 of its levels.
You also visited: Sewer.

You collected 277 gold pieces.


   Skills:
 - Level 4.0(9.0) Fighting
 + Level 15.3(20.3) Ranged Weapons
 - Level 1.0(6.0) Armour
 - Level 5.2(10.2) Dodging
 - Level 1.2(6.2) Stealth
 - Level 4.0 Invocations


You had 8 spell levels left.
You didn't know any spells.
Your spell library was empty.

Inventory:

Hand Weapons
 Y - a +1 orcbow of flaming (weapon)
Armour
 c - a +2 helmet (worn)
 d - the +1 ring mail "Uxaocik" (worn) {rElec rF+ rC+}
   (You found it on level 6 of the Dungeon)

   rF:        It protects you from fire.
   rC:        It protects you from cold.
   rElec:     It insulates you from electricity.
 e - a +2 pair of gloves (worn)
 k - the +5 ring mail of Dithroah {rElec}
   (You found it on level 5 of the Dungeon)

   rElec:     It insulates you from electricity.
Jewellery
 i - a +5 ring of evasion (left hand)
Scrolls
 a - 4 scrolls of identify
Potions
 b - 3 potions of curing
 f - 3 potions of haste
 g - 2 potions of might
 h - a potion of berserk rage {unknown}
 j - a potion of magic
 l - a potion of ambrosia {unknown}

Dungeon Overview and Level Annotations

Branches:
Dungeon (7/15)             Temple (0/1) D:6           Sewer (visited)

Altars:
Cheibriados
Fedhas
Kikubaaqudgha
Okawaru
Ru
Uskayaw
Vehumet

Annotations:
D:4 3 runed translucent doors, qw's ghost, amateur DEHu


Message History

The killer bee stings you but does no damage.
The killer bee misses you. The killer bee closely misses you.
You shoot an arrow. The arrow hits the killer bee!
The arrow burns the killer bee.
The killer bee is almost dead.
You feel sick. The killer bee barely misses you. x2
The killer bee stings you but does no damage.
The killer bee barely misses you.
The killer bee stings you but does no damage.
The killer bee closely misses you.
You shoot an arrow. The arrow hits the killer bee!!
The arrow burns the killer bee.
You kill the killer bee!
Okawaru accepts your kill.
You feel sick. The killer bee completely misses you. The killer bee misses you.
You shoot an arrow. The arrow misses the killer bee.
You feel sick. The killer bee completely misses you.
The killer bee stings you but does no damage.
The hound misses you. The killer bee barely misses you.
The killer bee misses you. The hound misses you.
You shoot an arrow. The arrow misses the killer bee.
The killer bee completely misses you. The killer bee misses you.
The hound misses you.
You shoot an arrow. The arrow hits the killer bee!
The arrow burns the killer bee.
The killer bee is heavily wounded.
You feel sick. The killer bee misses you. The killer bee barely misses you.
The hound bites you but does no damage.
The killer bee stings you but does no damage.
The killer bee completely misses you.
You shoot an arrow. The arrow misses the killer bee.
You feel sick.
You are no longer poisoned.
The killer bee completely misses you. The killer bee misses you.
The hound bites you but does no damage. The killer bee closely misses you.
The killer bee barely misses you.
You shoot an arrow.
The arrow completely misses the killer bee.
The hound closely misses you. The killer bee stings you.
You die...

##.............##
###...........#
###.........########.
##...###...........
#...# ##.........#
#..## ##....#####
#..# #..### ... #...#
##@%# #yyh.# #....#
../..%# ........#
#...###...# ...#
#.... ..## #...


You could see a hound and 2 killer bees.

Vanquished Creatures
  Prince Ribbit (D:7)
  2 water moccasins (D:6)
  3 black bears
  A centaur (D:6)
  A phantom (D:2)
  4 kobold brigands
  6 bullfrogs
  3 scorpions
  10 killer bees (D:7)
  A howler monkey (D:6)
  A gnoll bouda (D:6)
  5 jellies
  An orc priest (D:7)
  3 hounds
  A sleepcap (D:6)
  7 iguanas
  Jessica (D:3)
  Natasha (thrice) (D:3)
  4 orc wizards
  13 adders
  2 white imps
  4 ufetubi
  2 worms (D:2)
  3 dart slugs
  12 orcs
  8 endoplasms
  2 giant cockroaches
  6 hobgoblins
  2 jackals (D:5)
  5 quokkas
  11 ball pythons
  9 bats
  8 goblins
  18 kobolds
  14 rats
177 creatures vanquished.

Notes
Turn   | Place    | Note
-------+----------+-------------------------------------------
     0 | D:1      | qw the Deep Elf Hunter began the quest for the Orb.
     0 | D:1      | Reached XP level 1. HP: 12/12 MP: 3/3
     0 | D:1      | 0 ||| qw: Version: 0.3-a-9-g12657ce
     0 | D:1      | 0 ||| qw: Game counter: 4024
     0 | D:1      | 0 ||| qw: Always use a shield: true
     0 | D:1      | 0 ||| qw: God list: Okawaru
     0 | D:1      | 0 ||| qw: Allow faded altars: false
     0 | D:1      | 0 ||| qw: Do Orc after D:15 true
     0 | D:1      | 0 ||| qw: Do second Lair branch before Depths: true
     0 | D:1      | 0 ||| qw: Lair rune preference: random
     0 | D:1      | 0 ||| qw: Plans: Normal
     0 | D:1      | 0 ||| PLANNING D:1-11
   271 | D:1      | Reached XP level 2. HP: 16/16 MP: 4/4
   346 | D:1      | Reached skill level 6 in Ranged Weapons
   678 | D:1      | 678 ||| READING 2 scrolls labelled GOPPIE TISUN ROSA.
   679 | D:1      | 679 ||| READING scroll labelled WUSEDIFEREGY.
   680 | D:1      | 680 ||| READING scroll labelled LEKKAGU BYASE.
   681 | D:1      | 681 ||| READING scroll labelled YROWAG ZOOKEL.
   682 | D:1      | 682 ||| READING scroll labelled HUEPESK MEDUC.
   683 | D:1      | 683 ||| DROPPING scroll of butterflies.
   875 | D:2      | Reached XP level 3. HP: 20/20 MP: 5/5
   901 | D:2      | 901 ||| FLEEEEING.
   983 | D:2      | Noticed a phantom
   991 | D:2      | HP: 3/20 [phantom (5)]
   994 | D:2      | Killed a phantom
   995 | D:2      | Reached skill level 8 in Ranged Weapons
   995 | D:2      | Reached XP level 4. HP: 3/25 MP: 6/6
  1363 | D:2      | 1363 ||| UPGRADING to +0 ring mail.
  1373 | D:2      | 1373 ||| DROPPING +0 leather armour.
  1374 | D:2      | 1374 ||| UPGRADING to +2 pair of gloves.
  1379 | D:2      | 1379 ||| DRINKING 2 purple potions.
  1380 | D:2      | 1380 ||| DROPPING potion of degeneration.
  1398 | D:3      | Noticed Jessica
  1400 | D:3      | Killed Jessica
  1401 | D:3      | Reached XP level 5. HP: 29/29 MP: 7/7
  1407 | D:3      | Noticed a black bear
  1415 | D:3      | Killed a black bear
  1416 | D:3      | Reached skill level 9 in Ranged Weapons
  1515 | D:3      | Noticed Natasha
  1522 | D:3      | Killed Natasha
  1587 | D:3      | Reached XP level 6. HP: 35/35 MP: 8/8
  1604 | D:3      | Noticed Natasha
  1608 | D:3      | Killed Natasha
  1876 | D:3      | Noticed Natasha
  1885 | D:3      | Killed Natasha
  2183 | D:3      | 2183 ||| READING scroll of enchant armour.
  2183 | D:3      | 2183 ||| ENCHANTING +0 ring mail.
  2187 | D:3      | 2187 ||| FLEEEEING.
  2207 | D:3      | Reached skill level 10 in Ranged Weapons
  2283 | D:3      | 2283 ||| UPGRADING to +0 helmet.
  2288 | D:3      | 2288 ||| READING scroll labelled ZOT TISMILLED.
  2289 | D:3      | 2289 ||| DRINKING 2 glowing amethyst potions.
  2290 | D:3      | 2290 ||| READING 2 scrolls of identify.
  2290 | D:3      | 2290 ||| IDENTIFYING dark potion
  2320 | D:4      | 2320 ||| STAIRDANCE
  2333 | D:3      | Reached skill level 1 in Armour
  2471 | D:4      | Reached skill level 3 in Dodging
  2473 | D:4      | Found a sacrificial altar of Ru.
  2585 | D:4      | Reached XP level 7. HP: 25/40 MP: 9/9
  2644 | D:4      | Found an ancient bone altar of Kikubaaqudgha.
  2665 | D:4      | Noticed a +0 hand axe
  2666 | D:4      | Found a hide-covered altar of Uskayaw.
  2667 | D:4      | Noticed a +0 hand axe
  2804 | D:4      | Found a blossoming altar of Fedhas.
  2844 | D:4      | Found a runed translucent gate.
  2845 | D:4      | Found a runed translucent gate.
  2847 | D:4      | Found a runed translucent gate.
  2848 | D:4      | Noticed qw's ghost (amateur DEHu)
  3112 | D:4      | 3112 ||| DROPPING scarf of harm.
  3113 | D:4      | 3113 ||| READING scroll labelled FUOHAUTOABB.
  3118 | D:4      | 3118 ||| READING 2 scrolls of identify.
  3118 | D:4      | 3118 ||| IDENTIFYING lumpy grey potion
  3119 | D:4      | 3119 ||| DROPPING potion of attraction.
  3136 | D:5      | Entered Level 5 of the Dungeon
  3172 | D:5      | Reached skill level 11 in Ranged Weapons
  3452 | D:5      | Found an iron altar of Okawaru.
  3453 | D:5      | 3453 ||| PLANNING OKAWARU WORSHIP
  3453 | D:5      | 3453 ||| UPGRADING to +5 ring of evasion.
  3454 | D:5      | 3454 ||| READING scroll labelled GUUNIARIZXI.
  3455 | D:5      | 3455 ||| READING scroll labelled HAETHR FIDA.
  3470 | D:5      | Became a worshipper of Warmaster Okawaru
  3471 | D:5      | 3471 ||| PLANNING D:1-11
  3477 | D:5      | Identified the +5 ring mail of Dithroah {rElec}
  3555 | D:5      | Reached skill level 12 in Ranged Weapons
  3862 | D:5      | 3862 ||| UPGRADING to +5 ring mail of Dithroah {rElec}.
  3872 | D:5      | 3872 ||| DROPPING +1 ring mail.
  3873 | D:5      | 3873 ||| DROPPING ring of wizardry.
  3874 | D:5      | 3874 ||| READING scroll labelled PAOT ASTROWEDI.
  3975 | D:5      | 3975 ||| READING 2 scrolls of identify.
  3975 | D:5      | 3975 ||| IDENTIFYING metallic puce potion
  3984 | D:6      | 3984 ||| PLANNING SEWER
  4002 | D:6      | Reached skill level 3 in Fighting
  4002 | D:6      | Reached XP level 8. HP: 46/46 MP: 10/10
  4056 | D:6      | 4056 ||| SWAPPING to +0 orcbow.
  4057 | D:6      | 4057 ||| DROPPING +0 shortbow of draining.
  4087 | D:6      | Found a glowing drain.
  4096 | Sewer    | Entered a sewer
  4099 | Sewer    | 4099 ||| Stepping ~*~*~tactically~*~*~ (water).
  4132 | Sewer    | Reached * piety under Okawaru
  4210 | Sewer    | 4210 ||| READING scroll of enchant armour.
  4210 | Sewer    | 4210 ||| ENCHANTING +0 helmet.
  4214 | Sewer    | 4214 ||| Stepping ~*~*~tactically~*~*~ (water).
  4259 | Sewer    | 4259 ||| Stepping ~*~*~tactically~*~*~ (water).
  4261 | Sewer    | 4261 ||| Stepping ~*~*~tactically~*~*~ (water).
  4307 | Sewer    | 4307 ||| READING scroll of enchant armour.
  4307 | Sewer    | 4307 ||| ENCHANTING +1 helmet.
  4322 | Sewer    | 4322 ||| Stepping ~*~*~tactically~*~*~ (water).
  4330 | Sewer    | HP: 11/46 [poisoned by a kobold brigand (curare-tipped
                  | dart)]
  4331 | Sewer    | 4331 ||| DRINKING 2 potions of heal wounds.
  4333 | Sewer    | 4333 ||| DRINKING potion of heal wounds.
  4585 | Sewer    | 4585 ||| READING scroll labelled LALUME HUMOCAXT.
  4586 | Sewer    | 4586 ||| READING 2 scrolls of identify.
  4586 | Sewer    | 4586 ||| IDENTIFYING fizzy green potion
  4587 | Sewer    | 4587 ||| DROPPING potion of brilliance.
  4614 | D:6      | 4614 ||| PLANNING D:1-11
  4672 | D:6      | Reached skill level 13 in Ranged Weapons
  4672 | D:6      | Reached skill level 1 in Invocations
  4729 | D:6      | Identified the +1 ring mail "Uxaocik" {rElec rF+ rC+}
  4815 | D:6      | Reached skill level 3 in Invocations
  4849 | D:6      | 4849 ||| INVOKING Heroism.
  4947 | D:6      | Found a staircase to the Ecumenical Temple.
  4983 | D:6      | 4983 ||| Stepping ~*~*~tactically~*~*~ (outnumbered).
  4985 | D:6      | 4985 ||| Stepping ~*~*~tactically~*~*~ (outnumbered).
  4989 | D:6      | 4989 ||| Stepping ~*~*~tactically~*~*~ (outnumbered).
  4993 | D:6      | 4993 ||| Stepping ~*~*~tactically~*~*~ (outnumbered).
  4995 | D:6      | 4995 ||| Stepping ~*~*~tactically~*~*~ (outnumbered).
  5031 | D:6      | 5031 ||| UPGRADING to +1 ring mail "Uxaocik" {rElec rF+
                  | rC+}.
  5045 | D:6      | Reached XP level 9. HP: 45/50 MP: 14/14
  5099 | D:6      | 5099 ||| INVOKING Heroism.
  5104 | D:6      | Reached skill level 14 in Ranged Weapons
  5271 | D:6      | 5271 ||| Stepping ~*~*~tactically~*~*~ (outnumbered).
  5274 | D:6      | 5274 ||| DRINKING 2 potions of curing.
  5274 | D:6      | 5274 ||| (to cure confusion)
  5316 | D:6      | 5316 ||| READING scroll of brand weapon.
  5316 | D:6      | 5316 ||| BRANDING +1 orcbow.
  5495 | D:6      | 5495 ||| READING scroll labelled IGUTRISCH AHIHU.
  5679 | D:7      | Reached ** piety under Okawaru
  5730 | D:7      | 5730 ||| INVOKING Heroism.
  5806 | D:7      | 5806 ||| INVOKING Heroism.
  5945 | D:7      | Found a radiant altar of Vehumet.
  5957 | D:7      | Found a snail-covered altar of Cheibriados.
  6037 | D:7      | Noticed Prince Ribbit
  6038 | D:7      | 6038 ||| INVOKING Heroism.
  6044 | D:7      | Killed Prince Ribbit
  6045 | D:7      | Reached skill level 15 in Ranged Weapons
  6090 | D:7      | 6090 ||| INVOKING Heroism.
  6097 | D:7      | HP: 13/52 [killer bee (4)]
  6101 | D:7      | HP: 6/52 [poisoned by a killer bee]
  6107 | D:7      | HP: 2/52 [poisoned by a killer bee]
  6109 | D:7      | Slain by a killer bee

Levels and vault maps discovered:
D:1:      scummos_arrival_forest, layout_basic, grunt_decor_resistance
D:2:      layout_basic, kennysheep_nub
D:3:      minmay_bubble_buster, layout_loops_ring, uniq_natasha, uniq_jessica
D:4:      layout_basic, kiku_gazebo_garden_becter, dancing_weapons_uskayaw,
          fedhas_ov_isle_minmay, nicolae_ru_great_annihilating_truth,
          ebering_ghost_rock_garden
D:5:      layout_basic, okawaru_metal_pillars_3, hangedman_decor_growths
D:6:      kb_forest_paths, layout_basic, serial_glass, glass_columns_b,
          glass_columns_a, glass_columns_c, glass_columns_b, glass_columns_a,
          glass_columns_a, glass_columns_a, glass_columns_c,
          portal_sewer_entry_b
D:7:      layout_layer_cave, mainiacjoe_overflow_big_doors, sigmund_army,
          uniq_menkaure, uniq_prince_ribbit1, uniq_crazy_yiuf_cottage

Skill      XL: |  1  2  3  4  5  6  7  8  9 |
---------------+----------------------------+-----
Ranged Weapons | 6 8 9 10 12 13 15 | 15.3
Fighting       | 2 3 4 |  4.0
Armour         | 1 |  1.0
Dodging        | 3 4 5 |  5.2
Invocations    | 4 |  4.0
Stealth        | |  1.2

Action                     |  1- 3 |  4- 6 |  7- 9 || total
---------------------------+-------+-------+-------++-------
   Fire: Shortbow          |    84 |   188 |   109 ||   381
         Orcbow            |       |       |   259 ||   259
 Invoke: Heroism           |       |       |     6 ||     6
    Use: Scroll            |     5 |     3 |    12 ||    20
         Potion            |       |     2 |     3 ||     5
 Armour: Leather armour    |     9 |       |       ||     9
         Ring mail         |       |    51 |    64 ||   115
  Dodge: Dodged            |    11 |    55 |   242 ||   308

Table legend:
 A = Non-vault XP
 B = Vault XP
 C = Vault XP percentage of total XP
 D = Non-vault monster count
 E = Vault monster count
 F = Vault count percentage of total count
                 A         B        C        D         E       F
            +---------+---------+-------+---------+---------+-------
      Total |    3396 |    1061 |  23.8 |     136 |      41 |  23.2
            +---------+---------+-------+---------+---------+-------
        D:1 |      31 |       0 |   0.0 |      20 |       0 |   0.0
        D:2 |     147 |       0 |   0.0 |      20 |       0 |   0.0
        D:3 |     335 |      85 |  20.2 |      20 |       9 |  31.0
        D:4 |     163 |      50 |  23.5 |       9 |       4 |  30.8
        D:5 |     543 |       0 |   0.0 |      18 |       0 |   0.0
        D:6 |    1267 |     334 |  20.9 |      32 |       9 |  22.0
        D:7 |     910 |     259 |  22.2 |      17 |       1 |   5.6
      Sewer |       0 |     333 | 100.0 |       0 |      18 | 100.0
            +---------+---------+-------+---------+---------+-------
